 Dungeon Crawl Stone Soup version 0.21.2-1-g0862bd2 (webtiles) character file.

17087 mopl the Unseen (level 12, 0/65 (67) HPs)
             Began as an Octopode Enchanter on July 19, 2019.
             Was an Elder of Dithmenos.
             Slain by an eight-headed hydra (8 damage)
             ... on level 3 of the Lair of Beasts.
             The game lasted 00:34:12 (15697 turns).

mopl the Unseen (Octopode Enchanter)               Turns: 15697, Time: 00:34:13

HP:   0/65 (67)     AC:  3    Str:  7    XL:     12   Next: 44%
MP:   20/23         EV: 13    Int: 24    God:    Dithmenos [****..]
Gold: 820           SH:  0    Dex: 14    Spells: 13/25 levels left

rFire    . . .     SeeInvis .   a - +0 dagger (venom)
rCold    . . .     Gourm    .   (no shield)
rNeg     . . .     Faith    .   T - +2 hat {Int+3}
rPois    +         Spirit   .   B - amulet of magic regeneration
rElec    .         Reflect  .   z - ring of protection from magic
rCorr    .         Harm     .   w - ring of protection from magic
MR       ++++.                  A - ring of wizardry
Stlth    ++++++++++             P - ring of poison resistance
HPRegen  0.20/turn              R - ring of protection from magic
MPRegen  0.43/turn              Q - ring of protection from magic
                                (no ring)
                                (no ring)

@: wreathed by umbra
A: almost no armour, stealthy swim, amphibious, 8 rings, constrict 8, camouflage
1, gelatinous body 1
a: Shadow Step, Renounce Religion


You were on level 3 of the Lair of Beasts.
You worshipped Dithmenos.
Dithmenos was greatly pleased with you.
You were hungry.

You visited 2 branches of the dungeon, and saw 14 of its levels.
You also visited: Volcano.

You collected 846 gold pieces.
You spent 26 gold pieces at shops.

Inventory:

Hand Weapons
 a - a +0 dagger of venom (weapon)
 t - the +3 falchion of the Aged Dances {slice, -Tele rC+ MR++ Str+3}
   (You found it on level 5 of the Dungeon)

   It inflicts extra damage upon your enemies.
   It affects your strength (+3).
   It protects you from cold.
   It affects your resistance to hostile enchantments.
   It prevents most forms of teleportation.
 C - a +0 blowgun
 F - a +1 dagger of pain
Missiles
 o - 2 javelins (quivered)
 x - 27 poisoned needles
 D - 2 curare-tipped needles
Armour
 T - a +2 hat of intelligence (worn)
Jewellery
 w - a ring of protection from magic (right tentacle)
 z - a ring of protection from magic (left tentacle)
 A - a ring of wizardry (on tentacle)
 B - an amulet of magic regeneration (around mantle)
 P - a ring of poison resistance (on tentacle)
 Q - a ring of protection from magic (on tentacle)
 R - a ring of protection from magic (on tentacle)
Wands
 m - a wand of polymorph (11)
 E - a wand of paralysis (5)
 K - a wand of digging (27)
Scrolls
 e - 3 scrolls of enchant armour {unknown}
 i - a scroll of immolation {unknown}
 q - 7 scrolls of teleportation {unknown}
 s - 5 scrolls of amnesia {unknown}
 v - 2 scrolls of fear {unknown}
 y - 3 scrolls of fog {unknown}
 H - 2 scrolls of magic mapping {unknown}
 I - a scroll of summoning {unknown}
 L - a scroll of remove curse
 M - a scroll of random uselessness {unknown}
 N - a scroll of torment {unknown}
 O - 3 scrolls of enchant weapon {unknown}
Potions
 d - 5 potions of flight
 f - 4 potions of might {unknown}
 g - 2 potions of resistance
 h - 3 potions of mutation {!q}
 j - a potion of cancellation
 k - 3 potions of lignification {unknown}
 l - 2 potions of heal wounds {unknown}
 n - 2 potions of berserk rage {!q}
 r - a potion of invisibility
 u - 3 potions of curing {unknown}
 G - 4 potions of brilliance
 J - a potion of agility {unknown}
Books
 b - a book of Maledictions

   Spells                             Type                      Level
   a - Corona                         Hexes                        1
   b - Ensorcelled Hibernation        Hexes/Ice                    2
   c - Confuse                        Hexes                        3
   d - Tukima's Dance                 Hexes                        3
   e - Dazzling Spray                 Conjuration/Hexes            3
 p - a book of Misfortune

   Spells                             Type                      Level
   a - Confusing Touch                Hexes                        1
   b - Confuse                        Hexes                        3
   c - Gell's Gravitas                Translocation                3
   d - Petrify                        Transmutation/Earth          4
   e - Metabolic Englaciation         Hexes/Ice                    5
   f - Yara's Violent Unravelling     Hexes/Transmutation          5
Comestibles
 c - 31 rations


   Skills:
 + Level 0.9 Fighting
 + Level 1.4 Short Blades
 - Level 2.0 Dodging
 * Level 15.4 Stealth
 + Level 7.4 Spellcasting
 + Level 3.2 Conjurations
 * Level 11.4 Hexes
 + Level 4.1 Ice Magic
 + Level 8.4 Invocations


You had 13 spell levels left.
You knew the following spells:

 Your Spells              Type           Power        Failure   Level  Hunger
a - Corona                Hex            ######.      1%          1    None
b - Ensorcelled Hibernat  Hex/Ice        #####.       1%          2    None
c - Confuse               Hex            ######..     1%          3    None
d - Tukima's Dance        Hex            ######..     1%          3    None
g - Dazzling Spray        Conj/Hex       #####.       1%          3    None


Dungeon Overview and Level Annotations

Branches:
Dungeon (11/15)            Temple (0/1) D:7            Lair (3/6) D:11
 Shoals (0/4) Lair:2
  Snake: Lair:2-4    Spider: Lair:2-4       Orc: D:9-12

Altars:
Cheibriados
Dithmenos
Fedhas
Gozag
Hepliaklqana
Makhleb
Okawaru
Qazlal
Ru
Trog
Vehumet
Wu Jian
Xom
Yredelemnul
Zin
The Shining One

Shops:
D:6 =

Annotations:
D:3 PeterLawrence's ghost, amateur MiFi
D:6 dig
D:8 exclusion: two-headed ogre
D:11 exclusion: 2 ugly things
Lair:2 exclusion: hydra


Innate Abilities, Weirdness & Mutations

You cannot wear most types of armour.
You are very stealthy in the water. (Stealth+)
You are amphibious.
You can wear up to eight rings at the same time.
You can use your tentacles to constrict eight enemies at once.
Your skin changes colour to match your surroundings (Stealth+).
Your rubbery body absorbs attacks. (AC +1, EV +1)


Message History

The eight-headed hydra closely misses you.
The eight-headed hydra barely misses you. x2
Unknown command.
Unknown command.
Evoke which item? (* to show all) (? for menu, Esc to quit)
Okay, then.
Casting: Confuse
Confirm with . or Enter, or press ? or * to list all spells.
Aiming: Dazzling Spray
Press: ? - help, Shift-Dir - straight line, f - eight-headed hydra
Aim: an eight-headed hydra (almost dead, umbra)
The spray of energy hits the eight-headed hydra.
The eight-headed hydra is almost dead.
The eight-headed hydra bites you. The eight-headed hydra bites you!
The eight-headed hydra bites you. The eight-headed hydra bites you!
* * * LOW HITPOINT WARNING * * *
The eight-headed hydra bites you.
* * * LOW HITPOINT WARNING * * *
The eight-headed hydra bites you!
You die...

###.............
.##...................P#
.......................#
.#....##...............#
##..#..###.............#
#..#.## #P.....#.....##
##....## #P......>....#
....#..# ##...D......#
....#.## #.....@.<...#
.......## ##..........#
........# #...........#
.....<#...............##
...............#......#
....................###
...........#...#...##
......##P#####.##.##
#.PP### ##


You could see an eight-headed hydra.

Vanquished Creatures
  Gastronok (Lair:2)
  Josephine (D:10)
  The ghost of dscm the Thaumaturge, a journeyman OpNe of Uskayaw (Lair:2)
  5 two-headed ogres
  A merfolk siren (Lair:2)
  4 torpor snails (Lair:2)
  2 hornets (D:9)
  3 hippogriffs
  12 yaks
  3 wraiths (D:10)
  A wyvern (D:10)
  3 fire bats (Lair:3)
  A hungry ghost (D:10)
  Edmund (D:5)
  A soldier ant (D:9)
  3 water moccasins
  4 porcupines
  3 orc warriors
  2 eyes of draining (D:9)
  6 sky beasts
  An ice beast (D:6)
  A necrophage (D:6)
  5 ogres
  4 wolves
  2 crocodiles
  3 centaurs
  A big kobold (D:7)
  6 bullfrogs
  A wyvern zombie (D:7)
  4 scorpions
  An electric eel (D:6)
  5 crimson imps
  A centaur zombie (D:7)
  3 hounds
  6 jellies
  6 orc priests
  7 worker ants
  Ijyb (D:3)
  Terence (D:2)
  3 iguanas
  6 orc wizards
  2 hound skeletons
  5 adders
  4 shadow imps
  An ooze (D:3)
  An adder zombie (D:6)
  An adder skeleton (D:8)
  4 worms
  6 leopard geckos
  33 orcs
  7 giant cockroaches
  7 goblins
  6 hobgoblins
  19 jackals
  9 kobolds
  5 quokkas
  3 ball pythons
  A ball python skeleton (D:4)
  7 bats
  6 frilled lizards
  8 rats
  A spectral orc (D:8)
262 creatures vanquished.

Vanquished Creatures (collateral kills)
  A two-headed ogre (D:9)
  An orc warrior (D:10)
  An ice beast (D:6)
  An ogre (D:9)
  An orc (D:10)
5 creatures vanquished.

Vanquished Creatures (others)
  A dancing weapon (D:4)
1 creature vanquished.

Grand Total: 268 creatures vanquished

Notes
Turn   | Place    | Note
-------+----------+-------------------------------------------
     0 | D:1      | mopl the Octopode Enchanter began the quest for the Orb.
     0 | D:1      | Reached XP level 1. HP: 11/11 MP: 3/3
   148 | D:1      | Reached XP level 2. HP: 8/17 MP: 5/5
   158 | D:1      | Learned a level 2 spell: Ensorcelled Hibernation
  1135 | D:1      | Reached XP level 3. HP: 15/21 MP: 6/6
  1195 | D:1      | Learned a level 3 spell: Confuse
  1260 | D:2      | Found a shadowy altar of Dithmenos.
  1300 | D:2      | Became a worshipper of Dithmenos the Shadowed
  1912 | D:2      | Found an ornate altar of the Wu Jian Council.
  2163 | D:2      | Noticed Terence
  2174 | D:2      | HP: 1/21 [Terence/wand of flame (15) (8)]
  2485 | D:3      | Reached * piety under Dithmenos
  2784 | D:3      | Reached skill level 5 in Stealth
  2784 | D:3      | Reached skill level 1 in Ice Magic
  2784 | D:3      | Reached XP level 4. HP: 25/27 MP: 2/7
  2806 | D:3      | Found an opulent altar of Gozag.
  2904 | D:3      | Found a hazy altar of Hepliaklqana.
  2913 | D:3      | Noticed Ijyb
  2930 | D:3      | Killed Ijyb
  2957 | D:3      | Noticed PeterLawrence's ghost (amateur MiFi)
  3151 | D:3      | Reached skill level 1 in Invocations
  3198 | D:3      | Reached XP level 5. HP: 31/31 MP: 8/8
  3284 | D:2      | Killed Terence
  3284 | D:2      | Reached skill level 4 in Hexes
  3300 | D:2      | Found a glowing golden altar of the Shining One.
  4106 | D:4      | Found a snail-covered altar of Cheibriados.
  4136 | D:4      | Noticed an ogre
  4144 | D:4      | Learned a level 3 spell: Tukima's Dance
  4174 | D:4      | Killed an ogre
  4174 | D:4      | Reached skill level 6 in Stealth
  4174 | D:4      | Reached XP level 6. HP: 19/36 MP: 1/10
  4267 | D:4      | Found a burning altar of Makhleb.
  4387 | D:4      | Reached skill level 2 in Ice Magic
  4530 | D:4      | Reached skill level 3 in Spellcasting
  4530 | D:4      | Reached skill level 2 in Invocations
  4789 | D:5      | Entered Level 5 of the Dungeon
  4856 | D:5      | Found an iron altar of Okawaru.
  4910 | D:5      | Got a jewelled falchion
  4941 | D:5      | Identified the cursed +3 falchion of the Aged Dances {slice, -Tele rC+ MR++ Str+3} (You found it on level 5 of the Dungeon)
  5045 | D:5      | Found a stormy altar of Qazlal.
  5062 | D:5      | Noticed a sky beast
  5072 | D:5      | Killed a sky beast
  5072 | D:5      | Reached XP level 7. HP: 26/41 MP: 11/11
  5187 | D:5      | Noticed Edmund
  5197 | D:5      | Killed Edmund
  5197 | D:5      | Reached skill level 7 in Stealth
  5197 | D:5      | Reached skill level 5 in Hexes
  5643 | D:5      | Learned a level 3 spell: Dazzling Spray
  5660 | D:5      | Reached skill level 3 in Invocations
  6095 | D:5      | Reached XP level 8. HP: 46/46 MP: 10/13
  6189 | D:5      | Reached skill level 3 in Ice Magic
  6304 | D:6      | Found Suqoid's Jewellery Boutique.
  6313 | D:6      | Bought a cursed amulet of inaccuracy for 26 gold pieces
  6344 | D:6      | Reached ** piety under Dithmenos
  6489 | D:6      | Reached skill level 8 in Stealth
  6598 | D:6      | Reached skill level 1 in Conjurations
  7213 | D:6      | Reached skill level 6 in Hexes
  7510 | D:6      | Reached skill level 4 in Spellcasting
  7524 | D:6      | Found a burning altar of Makhleb.
  7524 | D:6      | Noticed a blizzard demon
  7704 | D:6      | Found a glowing silver altar of Zin.
  7900 | D:6      | Reached skill level 9 in Stealth
  7972 | D:7      | Found a blossoming altar of Fedhas.
  8033 | D:7      | Reached skill level 2 in Conjurations
  8044 | D:7      | Reached skill level 4 in Invocations
  8044 | D:7      | Reached XP level 9. HP: 49/49 MP: 13/15
  8324 | D:7      | Reached skill level 4 in Ice Magic
  8552 | D:7      | Reached skill level 7 in Hexes
  8880 | D:7      | Reached skill level 10 in Stealth
  8966 | D:7      | Found a staircase to the Ecumenical Temple.
  9107 | D:7      | Reached *** piety under Dithmenos
  9441 | D:8      | Reached skill level 3 in Conjurations
  9779 | D:8      | Found a sacrificial altar of Ru.
  9803 | D:8      | Noticed a two-headed ogre
  9905 | D:8      | Found a basalt altar of Yredelemnul.
 10272 | D:8      | Reached skill level 5 in Invocations
 10652 | D:9      | Found a radiant altar of Vehumet.
 10733 | D:9      | Noticed a two-headed ogre
 10750 | D:9      | Found a bloodstained altar of Trog.
 10765 | D:9      | Reached skill level 5 in Spellcasting
 10777 | D:9      | Reached skill level 11 in Stealth
 10797 | D:9      | Reached skill level 8 in Hexes
 10797 | D:9      | Reached XP level 10. HP: 54/54 MP: 0/17
 10900 | D:9      | Found a shimmering altar of Xom.
 11133 | D:9      | Reached **** piety under Dithmenos
 11408 | D:9      | Killed a two-headed ogre
 11537 | D:10     | Entered Level 10 of the Dungeon
 11604 | D:10     | Noticed a two-headed ogre
 11608 | D:10     | Killed a two-headed ogre
 11608 | D:10     | Reached skill level 12 in Stealth
 11608 | D:10     | Reached skill level 6 in Invocations
 11850 | D:10     | Reached skill level 9 in Hexes
 12384 | D:10     | Noticed Josephine
 12564 | D:10     | Killed Josephine
 12564 | D:10     | Reached skill level 6 in Spellcasting
 12653 | D:10     | Reached skill level 13 in Stealth
 12653 | D:10     | Reached XP level 11. HP: 30/59 MP: 15/20
 12914 | D:11     | Noticed a cyan ugly thing
 12940 | D:11     | Noticed a cyan ugly thing
 13127 | D:11     | Found a staircase to the Lair.
 13281 | Lair:1   | Entered Level 1 of the Lair of Beasts
 13507 | Lair:1   | Reached skill level 7 in Invocations
 13520 | Lair:1   | Reached skill level 10 in Hexes
 14143 | Lair:2   | Found a staircase to the Shoals.
 14168 | Lair:2   | Noticed dscm's ghost (journeyman OpNe)
 14238 | Lair:2   | Reached skill level 14 in Stealth
 14348 | Lair:2   | Noticed an eight-headed hydra
 14406 | Lair:2   | Killed dscm's ghost
 14544 | Lair:2   | Found a snail-covered altar of Cheibriados.
 14906 | Lair:2   | You fall through a shaft!
 15025 | Lair:3   | Reached skill level 7 in Spellcasting
 15122 | Lair:3   | Found a dark tunnel.
 15140 | Lair:3   | Reached XP level 12. HP: 46/64 MP: 22/22
 15145 | Volcano  | Entered a volcano
 15148 | Volcano  | Noticed a two-headed ogre
 15149 | Volcano  | Killed a two-headed ogre
 15149 | Volcano  | Reached skill level 11 in Hexes
 15149 | Volcano  | Reached skill level 8 in Invocations
 15160 | Volcano  | Noticed a two-headed ogre
 15161 | Volcano  | Noticed a two-headed ogre
 15163 | Volcano  | Killed a two-headed ogre
 15163 | Volcano  | Reached skill level 15 in Stealth
 15179 | Volcano  | Noticed a two-headed ogre
 15183 | Volcano  | Killed a two-headed ogre
 15194 | Volcano  | Noticed a two-headed ogre
 15199 | Volcano  | Killed a two-headed ogre
 15216 | Volcano  | Noticed an ogre mage
 15216 | Volcano  | Noticed a two-headed ogre
 15556 | Lair:2   | Noticed Gastronok
 15608 | Lair:2   | Killed Gastronok
 15693 | Lair:3   | Noticed an eight-headed hydra
 15697 | Lair:3   | Slain by an eight-headed hydra

Skill      XL: |  1  2  3  4  5  6  7  8  9 10 11 12 |
---------------+-------------------------------------+-----
Stealth        | 5 6 7 9 11 13 14 15 | 15.4
Ice Magic      | 1 2 3 4 |  4.1
Invocations    | 1 2 3 4 5 6 7 8 |  8.4
Hexes          | 4 5 6 8 9 10 11 | 11.4
Spellcasting   | 3 4 5 6 7 |  7.4
Conjurations   | 2 3 |  3.2
Fighting       | |  0.9
Short Blades   | |  1.4
Dodging        | |  2.0

Action                   |  1- 3 |  4- 6 |  7- 9 | 10-12 || total
-------------------------+-------+-------+-------+-------++-------
Melee: Dagger            |    95 |    84 |   287 |   192 ||   658
       Constrict         |    24 |    12 |    51 |    15 ||   102
       Tentacles         |    10 |    11 |    42 |    26 ||    89
 Cast: Ensorcelled Hiber |    10 |     4 |    41 |    41 ||    96
       Confuse           |       |     5 |    11 |    15 ||    31
       Tukima's Dance    |       |     2 |     5 |     4 ||    11
       Dazzling Spray    |       |       |     4 |     7 ||    11
       Corona            |       |       |       |     1 ||     1
Invok: Shadow Step       |       |       |       |     1 ||     1
Evoke: Wand              |       |       |       |    10 ||    10
  Use: Scroll            |       |     4 |     4 |     2 ||    10
 Stab: Sleeping          |    13 |    20 |    49 |    54 ||   136
       Confused          |       |     2 |     6 |    14 ||    22
       Invisible         |       |       |       |     1 ||     1
       Paralysed         |       |       |       |     3 ||     3
  Eat: Chunk             |     6 |     9 |    19 |    13 ||    47
       Ration            |       |       |       |     1 ||     1
Armor: Skin              |    11 |       |     9 |     4 ||    24
Dodge: Dodged            |    80 |    35 |   185 |    92 ||   392
